[Event "*** SCC Grand Prix: Titled Tuesday Blitz"]
[Site "Chess.com"]
[Date "2020.08.04"]
[Round "10"]
[White "abfchess"]
[Black "Cambek64"]
[Result "0-1"]
[WhiteElo "2165"]
[BlackElo "2367"]
[TimeControl "180+1"]
[EndTime "15:38:01 PDT"]
[Termination "Cambek64 won by resignation"]

1. d4 d6 2. Nf3 Nf6 3. Bg5 Nbd7 4. Nbd2 g6 5. c3 Bg7 6. e4 e5 7. dxe5 dxe5 8. Be2 h6 9. Bh4 Qe7 10. Qc2 g5 11. Bg3 Nh5 12. O-O Nf4 13. Bc4 Nb6 14.
Bb3 O-O 15. a4 a5 16. Rfe1 Be6 17. Bxe6 Qxe6 18. b4 Rfd8 19. bxa5 Rxa5 20. Nb3 Ra7 21. a5 Nc4 22. a6 bxa6 23. Bxf4 exf4 24. Red1 Rxd1+ 25. Qxd1 Ra8 26. Nfd4 Qxe4 27. Nc5 Qd5 28. Rxa6 Rxa6 29.
Nxa6 c5 30. Nc7 Qd7 31. Qb3 cxd4 32. Qxc4 dxc3 33. h3 Be5 34. Nd5 Qd6 35. Nxc3 f3 36. Qc8+ Kg7 37. gxf3 Qd3 38. Ne4 Qxf3 39. Qc4 Qxh3 40.
Qd5 Qf5 41. Nc5 Bh2+ 0-1

[Event "*** SCC Grand Prix: Titled Tuesday Blitz"]
[Site "Chess.com"]
[Date "2020.08.04"]
[Round "10"]
[White "The_Machine04"]
[Black "aljado"]
[Result "0-1"]
[WhiteElo "2223"]
[BlackElo "2139"]
[TimeControl "180+1"]
[EndTime "15:38:01 PDT"]
[Termination "aljado won on time"]

1. d4 Nf6 2. Bg5 e6 3. Nd2 c5 4. e3 d5 5. c3 Be7 6. Bd3 b6 7. f4 Bb7 8. Ngf3 Nc6 9. O-O h6 10. Bxf6 gxf6 11. Qe2 f5 12. Ne5 Bd6 13. Qh5 Bxe5 14.
fxe5 c4 15. Bc2 Qe7 16. Nf3 O-O-O 17. Qh4 Qd7 18. a4 Rdg8 19. Rf2 Rg4 20. Qh3 h5 21. Nh4 Qe7 22. g3 Qg5 23. Re1 Ne7 24. Kf1 Ng6 25.
Nxg6 Qxg6 26. Ke2 h4 27. Kd2 Rh5 28. Bd1 hxg3 29. Qxh5 Qxh5 30. Bxg4 Qxg4 31. Rg2 f4 32. hxg3 f3 33. Rf2 Qxg3 34. Ref1 Bc6 35. Rxf3 Qg6 36.
Rf6 Qe4 37. Rxf7 Qd3+ 38. Kc1 Bxa4 39. Rf8+ Kb7 40. R8f7+ Ka6 41. R7f2 Qxe3+ 42. Kb1 Bb3 43. Ka1 Qh3 44. Kb1 Qh8 45. Ka1 Qe8 46. Kb1 Qa4 47. Kc1 Qa1+ 48. Kd2 Qxb2+ 49. Ke3 Qxc3+ 50. Kf4 Qxd4+ 51. Kg5 Qxe5+ 0-1

[Event "*** SCC Grand Prix: Titled Tuesday Blitz"]
[Site "Chess.com"]
[Date "2020.08.04"]
[Round "10"]
[White "csati17"]
[Black "abykhovsky"]
[Result "0-1"]
[WhiteElo "2615"]
[BlackElo "2783"]
[TimeControl "180+1"]
[EndTime "15:38:02 PDT"]
[Termination "abykhovsky won by resignation"]

1. c4 e5 2. g3 Nf6 3. Bg2 Nc6 4. Nc3 Bb4 5. Nd5 a5 6. e3 O-O 7. Ne2 Re8 8. O-O d6 9. h3 e4 10. d4 exd3 11. Qxd3 Ne5 12. Qc2 c6 13. Nxb4 axb4 14. Bd2 Qb6 15. b3 Bd7 16. e4 c5 17. Bg5 Qd8 18.
Rfd1 h6 19. Be3 Qe7 20. Qd2 Ra6 21. Re1 b5 22. f4 Ng6 23. f5 Ne5 24. cxb5 Bxb5 25.
Nf4 Bc6 26. Nd5 Nxd5 27. exd5 Bb5 28. Bf4 Qf6 29. g4 Rea8 30. Bxe5 dxe5 31. Qf2 Qd6 32.
Rec1 Rc8 33. Rc2 Bd3 34. Rd2 e4 35. Re1 c4 36. bxc4 Rxc4 37. Bf1 Qxd5 38. Red1 Rd4 39. Bg2 Rd6 40. Re1 Qc5 41. Kh2 Qc7 42. Kh1 Qc3 43. Rb2 Rd8 44. Rb3 Qc4 45. Qe3 Ra8 46. Rc1 Qd5 47. Rb2 Rd8 48. f6 g5 49. Rf2 Qe5 50.
h4 R4d6 51. Rf5 Qd4 52. Qxd4 Rxd4 53. hxg5 e3 54. gxh6 Bxf5 55. gxf5 Rd1+ 56. Rxd1 Rxd1+ 57. Kh2 e2 0-1

[Event "*** SCC Grand Prix: Titled Tuesday Blitz"]
[Site "Chess.com"]
[Date "2020.08.04"]
[Round "10"]
[White "eightbyeightchess"]
[Black "SiddharthGMJagadeesh"]
[Result "1-0"]
[WhiteElo "2449"]
[BlackElo "2563"]
[TimeControl "180+1"]
[EndTime "15:38:02 PDT"]
[Termination "eightbyeightchess won by checkmate"]

1. e4 d6 2. d4 Nf6 3. Nc3 e5 4. f4 exd4 5. Qxd4 Be7 6. Bd3 Nc6 7.
Qf2 O-O 8. Nf3 d5 9. e5 Ng4 10. Qg3 Bc5 11. Nd1 f6 12. h3 Nh6 13. Be3 Bxe3 14.
Nxe3 fxe5 15. fxe5 d4 16. Bc4+ Kh8 17. O-O-O Nf5 18.
Nxf5 Bxf5 19. a3 Qe7 20. Nxd4 Nxe5 21. Rhe1 Rae8 22. Nf3 Nxc4 23. Rxe7 Rxe7 24. Qh4 Re4 25. Rd8 Kg8 26. Rxf8+ Kxf8 27. Qd8+ Re8 28. Qxc7 Ne3 29. Qc5+ Kg8 30. Nd4 Bg6 31. b3 Kh8 32. Qxa7 Nxc2 33.
Nxc2 Rc8 34. Qxb7 Rxc2+ 35. Kd1 h6 36. a4 Kh7 37. a5 Rb2 38. a6 Bc2+ 39. Kc1 Rxb3 40.
Kxc2 Ra3 41. a7 Ra2+ 42. Kb1 Ra3 43. a8=Q Rg3 44. Qe4+ Rg6 45. Qae8 h5 46. Q4xg6# 1-0

[Event "*** SCC Grand Prix: Titled Tuesday Blitz"]
[Site "Chess.com"]
[Date "2020.08.04"]
[Round "10"]
[White "djano"]
[Black "DishonorOnYourCow"]
[Result "1-0"]
[WhiteElo "2410"]
[BlackElo "2275"]
[TimeControl "180+1"]
[EndTime "15:38:03 PDT"]
[Termination "djano won on time"]

1. d4 Nf6 2. Nf3 g6 3. Nc3 d5 4. Bf4 Bg7 5. Qd2 c6 6. Ne5 b5 7. f3 a5 8. Bh6 Bxh6 9. Qxh6 Nbd7 10. e3 Qc7 11. Qf4 Nxe5 12. dxe5 Nd7 13. e6 Ne5 14. exf7+ Kf8 15. h4 Qd6 16. h5 Nxf7 17. Qxd6 exd6 18.
a4 b4 19. Ne2 Bf5 20. Nd4 Bd7 21. Bd3 Kg7 22. Kd2 c5 23. Nb5 c4 24. Be2 Bxb5 25. axb5 Rhb8 26. b3 Rxb5 27. hxg6 hxg6 28. bxc4 dxc4 29.
Bxc4 Rc5 30. Bxf7 Kxf7 31. Rh7+ Kf6 32. Rd7 d5 33. Rd6+ Kf7 34. Ra2 a4 35. Rb6 Rc4 36.
g4 a3 37. g5 Rd8 38. Ra1 d4 39. e4 Rdc8 40. Ra2 Rc3 41. Rxb4 Rxf3 42. Rxd4 Rc5 43. Rd5 Rc4 44. Rd3 1-0

[Event "*** SCC Grand Prix: Titled Tuesday Blitz"]
[Site "Chess.com"]
[Date "2020.08.04"]
[Round "10"]
[White "peixe64"]
[Black "ace_mar"]
[Result "1-0"]
[WhiteElo "2345"]
[BlackElo "2443"]
[TimeControl "180+1"]
[EndTime "15:38:09 PDT"]
[Termination "peixe64 won by checkmate"]

1. e4 e5 2. Nf3 Nc6 3. Bb5 a6 4. Ba4 Nf6 5. O-O Be7 6. Re1 b5 7. Bb3 d6 8. c3 O-O 9. h3 Nb8 10. d4 Nbd7 11. Nbd2 Bb7 12. Bc2 Re8 13. Nf1 Bf8 14. Ng3 g6 15. a4 c5 16. Bd3 exd4 17. cxd4 c4 18. Bc2 Bg7 19. Bf4 Nf8 20. d5 Qb6 21. a5 Qc7 22. Nd4 N8d7 23. Qd2 Nc5 24. Bh6 Re7 25. Ngf5 gxf5 26. Nxf5 Ne8 27. Bxg7 Nxg7 28.
Qg5 f6 29. Nh6+ Kh8 30. Qxf6 Rae8 31. e5 Nd7 32. Qh4 Nh5 33. Qxh5 Nxe5 34. f4 Ng6 35. Rxe7 Rxe7 36. Bxg6 hxg6 37. Qxg6 Rg7 38. Qe8+ Kh7 39. Nf5 Rg8 40. Qh5# 1-0

[Event "*** SCC Grand Prix: Titled Tuesday Blitz"]
[Site "Chess.com"]
[Date "2020.08.04"]
[Round "10"]
[White "ChronicUnhappiness"]
[Black "Resignify"]
[Result "1-0"]
[WhiteElo "2365"]
[BlackElo "2201"]
[TimeControl "180+1"]
[EndTime "15:38:09 PDT"]
[Termination "ChronicUnhappiness won on time"]

1. d4 Nf6 2. c4 d6 3. Nf3 Nbd7 4. Nc3 e5 5. e4 g6 6. Be2 Bg7 7. O-O O-O 8. Re1 c6 9. Be3 Qe7 10. d5 c5 11. Nd2 Ne8 12. Rb1 f5 13. f3 f4 14. Bf2 Bf6 15. Kh1 Bh4 16. Bxh4 Qxh4 17. Rg1 g5 18. Qe1 Qxe1 19. Rgxe1 Kf7 20. a3 Ke7 21. b4 b6 22. Nb3 Nc7 23. Ra1 h5 24.
Kg1 Rg8 25. Kf2 g4 26. b5 Nf6 27. a4 g3+ 28. hxg3 Rxg3 29. a5 Bd7 30. axb6 Rag8 31. Bf1 axb6 32. Ra7 Ng4+ 33. fxg4 Rxc3 34. Rxc7 Rxb3 35.
gxh5 Rb2+ 36. Re2 Rb4 37. Rc2 Kd8 38. Rb7 Kc8 39. Rxb6 Kc7 40. Ra6 Kb7 41. Rxd6 Bg4 42. h6 Rh8 43. Be2 1-0

[Event "*** SCC Grand Prix: Titled Tuesday Blitz"]
[Site "Chess.com"]
[Date "2020.08.04"]
[Round "10"]
[White "FMJoseHerrera"]
[Black "Filip_Covic"]
[Result "1-0"]
[WhiteElo "2494"]
[BlackElo "2364"]
[TimeControl "180+1"]
[EndTime "15:38:14 PDT"]
[Termination "FMJoseHerrera won by resignation"]

1. f3 e5 2. g3 d5 3. Kf2 Nf6 4.
Kg2 Bd6 5. c4 c6 6. cxd5 cxd5 7.
Nh3 h5 8. Nf2 h4 9. g4 e4 10. Nc3 Nc6 11. d3 exf3+ 12. exf3 d4 13. Nce4 Nd5 14. Nxd6+ Qxd6 15. Ne4 h3+ 16. Kf2 Qe7 17.
Bg5 f6 18. Bd2 Ne5 19. Qa4+ Bd7 20. Qxd4 Bc6 21. b4 f5 22. Bg5 Nf6 23. Nd6+ Kf8 24. Nxf5 Nfxg4+ 25. fxg4 Qxg5 26. Qxe5 Bxh1 27. d4 Qf6 28.
Qc5+ Kg8 29. Bc4+ Kh7 30. Rxh1 Rac8 31. Qd5 Rhd8 32. Qe6 Qxe6 33. Bxe6 Rc2+ 34. Ke3 Rc3+ 35. Ke4 g6 36. Ne3 Rf8 37. d5 Rf2 38. Kd4 Ra3 39. d6 Rd2+ 40. Ke4 Re2 41. d7 Rexe3+ 42. Kf4 Red3 43.
Rc1 Rd6 44. Rc8 Ra4 45. Ke5 Rxb4 46. Kxd6 1-0

[Event "*** SCC Grand Prix: Titled Tuesday Blitz"]
[Site "Chess.com"]
[Date "2020.08.04"]
[Round "10"]
[White "Lenyas66"]
[Black "tan275"]
[Result "1-0"]
[WhiteElo "2484"]
[BlackElo "2240"]
[TimeControl "180+1"]
[EndTime "15:38:14 PDT"]
[Termination "Lenyas66 won on time"]

1. e4 c6 2. d4 d5 3. exd5 cxd5 4. Bd3 Nc6 5. c3 Qc7 6. Ne2 Bg4 7. O-O Nf6 8. Bg5 e6 9. f3 Bh5 10. Nd2 Bg6 11. Nb3 Bd6 12. Bxf6 gxf6 13. f4 Bh5 14. g3 O-O-O 15. Qe1 Rhg8 16. Nd2 Bxe2 17. Qxe2 Bxf4 18. Nf3 Bxg3 19. hxg3 Rxg3+ 20. Kh1 Ne7 21. Rf2 Ng6 22. Bxg6 hxg6 23. Rh2 g5 24. Rg1 Rxg1+ 25. Nxg1 f5 26. Qe5 g4 27. Ne2 Qa5 28. Rh7 Rd7 29. a3 Qb5 30. Rh8+ Rd8 31. Rxd8+ Kxd8 32. b4 Qd3 33. Kg1 Qd1+ 34. Kf2 Qh1 35. Qg3 Qa1 36. Qb8+ Ke7 37. Qxb7+ Kf6 38. Qxa7 g3+ 39. Kxg3 Qe1+ 40. Kf3 Qf1+ 41.
Ke3 Qh3+ 42. Kd2 Qh6+ 43. Kc2 Qe3 44. Nc1 1-0

[Event "*** SCC Grand Prix: Titled Tuesday Blitz"]
[Site "Chess.com"]
[Date "2020.08.04"]
[Round "10"]
[White "AvitalBor"]
[Black "BilodeauA"]
[Result "0-1"]
[WhiteElo "2780"]
[BlackElo "2895"]
[TimeControl "180+1"]
[EndTime "15:38:15 PDT"]
[Termination "BilodeauA won by checkmate"]

1. e4 e5 2. Nf3 Nc6 3. Bb5 a6 4.
Ba4 d6 5. c4 Bd7 6. O-O Nge7 7.
d4 Ng6 8. Nc3 Be7 9. h3 O-O 10.
d5 Nb8 11. Bxd7 Qxd7 12. Be3 f5 13. exf5 Qxf5 14. Nd2 Bg5 15. Nde4 Bf4 16. c5 Qd7 17. Qb3 b5 18. cxb6 a5 19. bxc7 Qxc7 20. Nb5 Qd7 21.
Nbxd6 Na6 22. Nc4 a4 23. Nb6 Qf5 24. Qc4 Rad8 25. d6+ Kh8 26. Qxa6 Qxe4 27. Qc4 Qf5 28. Rad1 Qg5 29. Qe4 Nh4 30. d7 Rf6 31. Nc4 Rg6 32. g4 h5 33. Bxf4 exf4 34. Ne5 Qxe5 35. Qxe5 Nf3+ 36.
Kg2 Nxe5 37. Rfe1 Rxd7 38. Rc1 Rd5 39. Rc8+ Kh7 40. Ra8 hxg4 41. hxg4 Rxg4+ 42. Kh2 Nf3+ 43. Kh3 Rg6 44. Ree8 Rh5# 0-1

[Event "*** SCC Grand Prix: Titled Tuesday Blitz"]
[Site "Chess.com"]
[Date "2020.08.04"]
[Round "10"]
[White "Kavyev_Ruslan"]
[Black "KatarinaOstojic"]
[Result "1-0"]
[WhiteElo "2386"]
[BlackElo "2213"]
[TimeControl "180+1"]
[EndTime "15:38:18 PDT"]
[Termination "Kavyev_Ruslan won by checkmate"]

1. e4 c5 2. Nf3 d6 3. d4 cxd4 4.
Nxd4 Nf6 5. Nc3 a6 6. Be3 e5 7. Nb3 Be6 8. h3 Be7 9. Qf3 O-O 10. O-O-O Nbd7 11. g4 Qc7 12. g5 Ne8 13. Kb1 b5 14. h4 Rc8 15. Bd3 Nb6 16. Nd5 Nxd5 17.
exd5 Bd7 18. Qe4 g6 19. h5 Bf5 20. Qh4 Bxd3 21. cxd3 Qc2+ 22. Ka1 Ng7 23. hxg6 fxg6 24. Qxh7+ Kf7 25. Qh3 Rh8 26. Qf3+ Nf5 27. Rhe1 Kg7 28. d4 e4 29. Qg2 a5 30. Rd2 Nxe3 31. fxe3 Qc4 32.
Qxe4 Bxg5 33. Rg2 Rh5 34. Rxg5 Rxg5 35. Qe7+ Kh6 36. Qxd6 a4 37. Nc5 Qc2 38. a3 Re8 39. Qf4 Qf5 40. Rh1+ Kg7 41. Qc7+ Kf6 42. Nd7+ Kg7 43.
Ne5+ Kg8 44. Qh7+ Kf8 45. Qh8+ Ke7 46. Qg7+ Kd8 47. Rc1 Qd7 48. Qxd7# 1-0

[Event "*** SCC Grand Prix: Titled Tuesday Blitz"]
[Site "Chess.com"]
[Date "2020.08.04"]
[Round "10"]
[White "Hrant_ChessMood"]
[Black "Firouzja2003"]
[Result "1-0"]
[WhiteElo "2879"]
[BlackElo "3012"]
[TimeControl "180+1"]
[EndTime "15:38:21 PDT"]
[Termination "Hrant_ChessMood won on time"]

1. d4 Nf6 2. c4 g6 3. Nc3 Bg7 4. e4 d6 5. f3 O-O 6. Nge2 c6 7. Be3 a6 8. a4 a5 9. Qd2 e5 10. Rd1 Nbd7 11. d5 cxd5 12. Nxd5 Nh5 13. g4 Nf4 14. Nexf4 exf4 15. Bxf4 Ne5 16. Be2 Be6 17. O-O Bxd5 18. cxd5 Qb6+ 19. Be3 Qb3 20. Ra1 Rfc8 21. Ra3 Qb4 22.
Qxb4 axb4 23. Rb3 Rxa4 24. Bb5 Ra2 25. Rxb4 h5 26. gxh5 gxh5 27. Kg2 Ng6 28. Rf2 Ra1 29. Bd7 Rc7 30. Bf5 Ne5 31. Rb3 Re1 32. Bf4 Bf6 33.
Rf1 Rc2+ 34. Rf2 Rc7 35. Bd2 Rd1 36. Be3 Bh4 37. Re2 Nd3 38. Kh3 Bf6 39. Rg2+ Kf8 40. Bh6+ Ke7 41. f4 Bd4 42. e5 dxe5 43. Rxd3 Rxd3+ 44. Bxd3 1-0

[Event "*** SCC Grand Prix: Titled Tuesday Blitz"]
[Site "Chess.com"]
[Date "2020.08.04"]
[Round "10"]
[White "Manukyan_Artak"]
[Black "diablanni"]
[Result "0-1"]
[WhiteElo "2428"]
[BlackElo "2334"]
[TimeControl "180+1"]
[EndTime "15:38:22 PDT"]
[Termination "diablanni won on time"]

1. e4 c5 2. Nf3 Nc6 3. c3 Nf6 4. e5 Nd5 5. d4 cxd4 6. cxd4 e6 7. Nc3 Nxc3 8. bxc3 d6 9. Bd3 dxe5 10. dxe5 Qa5 11.
O-O Nxe5 12. Nxe5 Qxe5 13. Re1 Qa5 14. Rb1 a6 15. Be4 Qc7 16. Qf3 Bd6 17. Bxb7 Rb8 18. Bc6+ Ke7 19. Rxb8 Qxb8 20. h4 Qc7 21. h5 f6 22. h6 g6 23. c4 Be5 24. Ba3+ Kf7 25. g4 Rd8 26. g5 Qa5 27. Rb1 f5 28. Kg2 Qd2 29. Bc1 Qd3 30. Qxd3 Rxd3 31. Be3 f4 32. Bb6 Rc3 33. c5 Bd4 34. Rd1 Bxc5 35.
Ba5 Rc2 36. a4 Rxf2+ 37. Kh1 f3 38. Bc7 Rc2 39. Bxf3 Be3 40. Bd8 Rf2 41. Bc6 Bf4 42. Bf6 Rh2+ 43. Kg1 Rc2 44. Bd7 Be3+ 45. Kh1 Bb7+ 0-1

[Event "*** SCC Grand Prix: Titled Tuesday Blitz"]
[Site "Chess.com"]
[Date "2020.08.04"]
[Round "10"]
[White "ailime26"]
[Black "g2_g3"]
[Result "0-1"]
[WhiteElo "1888"]
[BlackElo "2036"]
[TimeControl "180+1"]
[EndTime "15:38:25 PDT"]
[Termination "g2_g3 won by checkmate"]

1. e4 c5 2. Nf3 Nc6 3. d4 cxd4 4.
Nxd4 Nf6 5. Nc3 e5 6. Ndb5 d6 7. f3 a6 8. Na3 Be7 9. Be3 O-O 10. Qd2 b5 11. Nd5 Nxd5 12. exd5 Nd4 13. Bxd4 exd4 14.
O-O-O Bf5 15. Kb1 Rc8 16. g4 Bg6 17. f4 Be4 18. Bg2 Bxg2 19. Qxg2 b4 20. Nc4 Rxc4 21. Qe2 Qc7 22. g5 Rc8 23. Rd2 Bf8 24. f5 a5 25.
h4 a4 26. b3 axb3 27. axb3 Rc3 28. Kb2 Ra8 29. Ra1 Rxa1 30. Kxa1 Qa5+ 31. Kb1 Qxd5 32.
g6 hxg6 33. fxg6 fxg6 34. Qg4 d3 35. Qxg6 dxc2+ 36. Rxc2 Qxb3+ 37. Kc1 Qxc2+ 38. Qxc2 Rxc2+ 39. Kxc2 d5 40. Kb3 Kf7 41. Kc2 Ke6 42. Kd3 Ke5 43.
Ke3 d4+ 44. Kd3 Kd5 45. h5 b3 46. Kd2 Bb4+ 47. Kc1 Bc3 48. Kb1 d3 49. Kc1 Kd4 50. h6 gxh6 51. Kb1 h5 52. Kc1 h4 53. Kb1 h3 54. Kc1 h2 55. Kb1 h1=Q# 0-1

[Event "*** SCC Grand Prix: Titled Tuesday Blitz"]
[Site "Chess.com"]
[Date "2020.08.04"]
[Round "10"]
[White "ElGasanov"]
[Black "bratkoo"]
[Result "0-1"]
[WhiteElo "2763"]
[BlackElo "2545"]
[TimeControl "180+1"]
[EndTime "15:38:26 PDT"]
[Termination "bratkoo won by resignation"]

1. d4 e6 2. Nf3 d5 3. c4 Nf6 4.
e3 Be7 5. Nc3 O-O 6. a3 a6 7. b4 dxc4 8. Bxc4 Nbd7 9. e4 a5 10.
b5 Nb6 11. Bd3 a4 12. O-O Re8 13. Qe2 g6 14. Rd1 Bf8 15. Bg5 Be7 16. h3 Bd7 17. Ne5 Nxe4 18. Qxe4 Bxg5 19. Qxb7 Bf6 20. Ne4 Bg7 21. Rac1 Nd5 22. Nc5 Rb8 23. Qa6 Ra8 24.
Nc6 Bxc6 25. Qxc6 Bxd4 26. Bc4 Qh4 27. Rc2 Rad8 28. Nb7 Ne7 29. Qf3 Rb8 30. Rcd2 Bg7 31.
Na5 Nf5 32. Bf1 Nd4 33. Qe3 Nxb5 34. Nc6 Rb6 35. Rd8 Rxd8 36. Rxd8+ Bf8 37. Qc5 Nd6 38. Ne5 Qxd8 39. Nc6 Qe8 40. Ne5 Bg7 41. Qxc7 Rb7 42. Qxd6 Qb8 43. Qxb8+ Rxb8 44. Nc6 Rb3 45. g3 Rxa3 46.
Bb5 Bf8 47. Kg2 Ra1 48. h4 a3 49. Nd4 a2 50. Bc4 Rg1+ 0-1

[Event "*** SCC Grand Prix: Titled Tuesday Blitz"]
[Site "Chess.com"]
[Date "2020.08.04"]
[Round "10"]
[White "Zkid"]
[Black "ArjunErigaisi2003"]
[Result "1-0"]
[WhiteElo "2855"]
[BlackElo "3046"]
[TimeControl "180+1"]
[EndTime "15:38:28 PDT"]
[Termination "Zkid won by checkmate"]

1. e4 e5 2. Nf3 Nc6 3. Bc4 Bc5 4. c3 Nf6 5. d3 O-O 6. Bg5 d6 7.
Nbd2 a6 8. a4 Be6 9. Bxe6 fxe6 10. b4 Ba7 11. O-O Qe8 12. Be3 Bxe3 13. fxe3 Ne7 14. c4 b6 15. a5 bxa5 16. Rxa5 Nc6 17.
Ra4 a5 18. b5 Nb4 19. Nb3 c6 20. Rxa5 Rxa5 21. Nxa5 cxb5 22. Qb3 Na6 23. cxb5 Nc5 24. Qc4 Ng4 25. Re1 Qh5 26. Qc2 Nxd3 27. Re2 Nc5 28. Nc4 Nb7 29. Qa2 Qe8 30. b6 Qc6 31. Na5 Nxa5 32.
Qxe6+ Kh8 33. Qxg4 Qxb6 34. Qe6 h6 35. h3 Nb7 36. Kh2 Nc5 37. Qg6 Qc6 38. Nxe5 Qc7 39. Ng4 Qe7 40. e5 dxe5 41. Rd2 e4 42. Rd6 Qc7 43.
Kg1 Nd3 44. Nxh6 Ne5 45. Qh5 Qc1+ 46. Kh2 Nf3+ 47. gxf3 Qb2+ 48. Kg3 Qc1 49. Nf5+ Kg8 50. Ne7# 1-0

[Event "*** SCC Grand Prix: Titled Tuesday Blitz"]
[Site "Chess.com"]
[Date "2020.08.04"]
[Round "10"]
[White "gisela_roque"]
[Black "spacegirl987"]
[Result "1-0"]
[WhiteElo "1870"]
[BlackElo "1917"]
[TimeControl "180+1"]
[EndTime "15:38:28 PDT"]
[Termination "gisela_roque won by checkmate"]

1. c4 e5 2. Nc3 Nc6 3. Nf3 g6 4. g3 Bg7 5. Bg2 d6 6. d3 Be6 7.
Rb1 h6 8. Bd2 Qd7 9. O-O Nf6 10.
b4 Bh3 11. b5 Ne7 12. c5 Bxg2 13. Kxg2 Nf5 14. Ne4 O-O 15. Nxf6+ Bxf6 16. e4 Nd4 17. Nxd4 exd4 18. cxd6 Qxd6 19. Bb4 Qb6 20. Bxf8 Rxf8 21. a4 Qe6 22. Qc2 Rc8 23. f4 Qg4 24. h3 Qd7 25. f5 Be5 26. fxg6 f6 27. Qc4+ Kg7 28. Qf7+ Qxf7 29.
gxf7 Kxf7 30. Rbc1 Ke6 31. Rc4 Rg8 32. g4 h5 33. Kf3 hxg4+ 34. hxg4 Rh8 35. Rfc1 Rh3+ 36.
Kf2 Rxd3 37. Rc5 Bg3+ 38. Kg2 Bd6 39. Rd5 Rd2+ 40. Kf3 d3 41. Ke3 Rh2 42. Kxd3 Rh3+ 43. Ke2 Rg3 44. Rf1 Rxg4 45. Rdf5 Rxe4+ 46. Kd3 Be5 47. Kxe4 b6 48. Rxe5+ fxe5 49. Rf5 Kd6 50. Rxe5 Kd7 51.
Kd5 Kc8 52. Kc6 a5 53. Re8# 1-0

[Event "*** SCC Grand Prix: Titled Tuesday Blitz"]
[Site "Chess.com"]
[Date "2020.08.04"]
[Round "10"]
[White "VincentKeymer"]
[Black "KuzubovYuriy"]
[Result "1-0"]
[WhiteElo "2886"]
[BlackElo "2826"]
[TimeControl "180+1"]
[EndTime "15:38:29 PDT"]
[Termination "VincentKeymer won on time"]

1. Nf3 d5 2. e3 c5 3. b3 Nf6 4. Bb2 e6 5. d4 cxd4 6. exd4 Bb4+ 7. c3 Be7 8. Bd3 Nc6 9. O-O b6 10. Nbd2 Bb7 11. Re1 Rc8 12. Nf1 O-O 13. Ng3 Re8 14.
Qd2 Bf8 15. h4 Qc7 16. h5 h6 17. Ne5 Nxe5 18. dxe5 Nd7 19. Qf4 f6 20. Bg6 Red8 21.
Qg4 Nxe5 22. Qxe6+ Kh8 23. Bb1 Qd7 24. Qxd7 Nxd7 25. Nf5 Nc5 26. Nh4 Kg8 27. Bf5 Rc7 28.
Rad1 Re7 29. Rxe7 Bxe7 30. Ng6 Bd6 31. Ba3 Kf7 32. f3 Bg3 33. Bc1 Re8 34. Bf4 Re1+ 35.
Rxe1 Bxe1 36. Bb8 a5 37. Bc7 Bxc3 38. Bxb6 Bb4 39. Kf2 Ne6 40. Ke3 Bc3 41. Bxe6+ Kxe6 42. Bc5 f5 43. Nf4+ Ke5 44. Ne2 Be1 45. Bd4+ Ke6 46. Bxg7 f4+ 47. Nxf4+ Kf5 48. Bxh6 1-0

[Event "*** SCC Grand Prix: Titled Tuesday Blitz"]
[Site "Chess.com"]
[Date "2020.08.04"]
[Round "10"]
[White "Nara_Kh"]
[Black "harkerchess"]
[Result "1/2-1/2"]
[WhiteElo "2314"]
[BlackElo "2134"]
[TimeControl "180+1"]
[EndTime "15:38:36 PDT"]
[Termination "Game drawn - insufficient material"]

1. e4 c6 2. d4 d5 3. Nc3 dxe4 4.
Nxe4 Nf6 5. Ng3 g6 6. Nf3 Bg7 7. Bg5 O-O 8. Qd2 Nbd7 9. O-O-O Qc7 10. h4 e5 11. h5 exd4 12. Nxd4 Nb6 13. Bh6 Bg4 14.
hxg6 fxg6 15. Bxg7 Qxg7 16. f3 Bd7 17. Qg5 Rfe8 18.
Bd3 Nfd5 19. c3 Ne3 20. Rdg1 Nbc4 21. Ne4 Re5 22. Nf6+ Kf7 23. Qh4 Qxf6 24. Qxh7+ Qg7 25. Bxg6+ Kf6 26. Qxg7+ Kxg7 27. Rh7+ Kxg6 28. Rxd7 Rb8 29.
b3 Nb6 30. Rd6+ Kg5 31. Kd2 Nf5 32. Nxf5 Rxf5 33. c4 Kf4 34. Rd4+ Kg3 35. Rg4+ Kf2 36. Rh1 Rd8+ 37. Kc3 Re5 38. Rh7 Re3+ 39. Kb4 Nd7 40. Rgg7 Ne5 41. Rxb7 Kxg2 42. Rhg7+ Kxf3 43. Rxa7 Nd3+ 44. Ka5 Nc1 45. Raf7+ Ke2 46. b4 Nxa2 47. b5 cxb5 48. cxb5 Ra3+ 49. Kb6 Rb8+ 50. Rb7 Rxb7+ 51. Rxb7 Nc3 52.
Re7+ Kd3 53. Kc5 Rb3 54. Rd7+ Kc2 55. Rb7 Nxb5 56. Rxb5 Rxb5+ 57. Kxb5 1/2-1/2

[Event "*** SCC Grand Prix: Titled Tuesday Blitz"]
[Site "Chess.com"]
[Date "2020.08.04"]
[Round "10"]
[White "DanielRensch"]
[Black "Robert_Chessmood"]
[Result "0-1"]
[WhiteElo "2553"]
[BlackElo "2932"]
[TimeControl "180+1"]
[EndTime "15:38:37 PDT"]
[Termination "Robert_Chessmood won on time"]

1. e4 e5 2. Nf3 Nc6 3. d4 exd4 4. Nxd4 Bc5 5. Nb3 Bb6 6. Nc3 d6 7. Nd5 Nf6 8. Nxb6 axb6 9. Bd3 O-O 10. O-O Re8 11. Re1 Ne5 12. Bf1 Ng6 13. f3 d5 14.
Bg5 dxe4 15. Qxd8 Rxd8 16. Bxf6 gxf6 17. Rxe4 Bf5 18. Re2 c5 19. Rf2 Rd6 20. Nd2 Ne5 21.
Nc4 Nxc4 22. Bxc4 Rd4 23. b3 Rad8 24. g4 Bg6 25. Re1 Kg7 26. a4 h5 27. h3 hxg4 28.
hxg4 Rd1 29. Kf1 R8d2 30. c3 Bd3+ 31. Bxd3 Rxe1+ 32. Kxe1 Rxd3 33. Rd2 Rxc3 34. Rd7 Rxf3 35. Rxb7 Rxb3 36. a5 b5 37. a6 b4 38. Rb5 Ra3 39. Rxc5 Rxa6 40. Rb5 Ra1+ 41. Kf2 Rb1 42. Kf3 b3 43. Rb7 Kg6 44. Kg3 b2 45. Kg2 Kg5 46.
Rb4 f5 47. gxf5 Kxf5 48. Kh2 Kg5 49. Rb5+ f5 50. Kg2 Kg6 51. Rb6+ Kf7 52. Rb3 f4 53. Kh2 Ke7 54. Kg2 f3+ 55. Kf2 Rh1 56.
Rxb2 Rh2+ 57. Kxf3 Rxb2 0-1

[Event "*** SCC Grand Prix: Titled Tuesday Blitz"]
[Site "Chess.com"]
[Date "2020.08.04"]
[Round "10"]
[White "wild_cat99"]
[Black "Lion-Al-Messi"]
[Result "0-1"]
[WhiteElo "2641"]
[BlackElo "2499"]
[TimeControl "180+1"]
[EndTime "15:38:38 PDT"]
[Termination "Lion-Al-Messi won on time"]

1. Nf3 d5 2. e3 Nc6 3. c4 d4 4. b4 dxe3 5. fxe3 Nxb4 6. d4 e6 7. Nc3 Ne7 8. Ba3 a5 9. Be2 Ng6 10. O-O Be7 11. e4 O-O 12. Qd2 c5 13. d5 exd5 14.
cxd5 Bg4 15. Rad1 Bf6 16. Nb5 Qb6 17. Kh1 Rae8 18. Bxb4 axb4 19. Qc2 h5 20. h3 Bd7 21. a4 Nf4 22. Bc4 Nxh3 23. gxh3 Bxh3 24. Rf2 Bg4 25.
Rdf1 Qd8 26. d6 Bh4 27. Rg2 Bh3 28.
Rfg1 Bxg2+ 29. Rxg2 Qf6 30. Qd3 Qf4 31. e5 Kh8 32. Nc7 Rxe5 33. Nxe5 Qxe5 34. Re2 Qa1+ 35. Kg2 Qf6 36. Qf3 Qg5+ 37. Kh3 Rd8 38. Rg2 Qf6 39. Qxh5+ Kg8 40. Qxh4 Qxh4+ 41. Kxh4 Rxd6 42. Rxg7+ Kh8 43. Rg4 f5 44. Rf4 Rd2 45. Nd5 Kg7 46. Ne3 Kf6 47.
Rxf5+ Ke7 48. Rf7+ Kd6 49. Rxb7 Rd4+ 50. Kg3 Re4 51.
Kf3 Re8 52. Rb6+ Kc7 53. Nd5+ Kc8 54. Bb5 Re5 0-1

[Event "*** SCC Grand Prix: Titled Tuesday Blitz"]
[Site "Chess.com"]
[Date "2020.08.04"]
[Round "10"]
[White "Carnivoras"]
[Black "Guenplen"]
[Result "0-1"]
[WhiteElo "2647"]
[BlackElo "2847"]
[TimeControl "180+1"]
[EndTime "15:38:39 PDT"]
[Termination "Guenplen won by resignation"]

1. d4 Nf6 2. c4 b6 3. Nc3 Bb7 4. Qc2 d5 5. cxd5 Nxd5 6. Nf3 Nxc3 7. bxc3 Nd7 8. e4 e5 9. Bd3 Qe7 10. O-O h6 11. a4 g5 12. a5 g4 13. Ba3 Qf6 14.
Nxe5 Nxe5 15. dxe5 Qxe5 16. Qa4+ Kd8 17. a6 Bc8 18. Bxf8 Rxf8 19. Bb5 Ke7 20. Bc6 Rb8 21.
Rfd1 Be6 22. Rd4 Kf6 23. Rad1 Kg7 24. R4d3 h5 25. Qd4 Qxd4 26. cxd4 Bc4 27. Ra3 b5 28. d5 Kf6 29. f4 gxf3 30. Rxf3+ Ke5 31. Re1 b4 32.
Rf5+ Kd4 33. e5 b3 34. d6 b2 35. Rf4+ Kc5 36. Be4 cxd6 37. Bb1 d5 38. Rf5 Rbe8 39.
Rxh5 Re6 40. h4 Rxa6 41. Rf5 Ra1 42. e6 Bd3 43. e7 Re8 44. Rxf7 Rxb1 45. Rxb1 Bxb1 46.
Rf2 Be4 47. Rxb2 Rxe7 48. g3 d4 49. h5 d3 50. g4 Kd4 51. g5 Kc3 52. Rb1 d2 53. Ra1 Bf3 54. g6 Bxh5 55. Rb1 0-1